 Dungeon Crawl Stone Soup version 0.31.0-11-ge490571c62 (webtiles) character file.

Game seed: 16868626734273117461

72 Fodor the Covered (level 4, -10/40 HPs)
             Began as a Minotaur Fighter on Feb 6, 2024.
             Mangled by Crazy Yiuf
             ... wielding a +4 quarterstaff of chaos
              (11 damage)
             ... on level 2 of the Dungeon.
             The game lasted 00:07:25 (1620 turns).

Fodor the Covered (Minotaur Fighter)                Turns: 1620, Time: 00:07:26

Health: -10/40     AC: 11    Str: 22    XL:     4   Next: 6%
Magic:  0/3        EV:  6    Int:  5    God:
Gold:   203        SH:  4    Dex: 10    Spells: 3/3 levels left

rFire   . . .        a - +0 war axe
rCold   . . .        c - +0 buckler
rNeg    . . .        n - +0 plate armour
rPois   +            (helmet restricted)
rElec   .            (no cloak)
rCorr   .            (no gloves)
SInv    .            (no boots)
Will    .....        f - amulet of guardian spirit Stlth
                     e - ring of poison resistance
HPRegen 0.26/turn    (no ring)
MPRegen 0.08/turn

%: guardian spirit
@: no status effects
A: horns 2, retaliatory headbutt
a: no special abilities


You were on level 2 of the Dungeon.
You visited 1 branch of the dungeon, and saw 2 of its levels.

You collected 203 gold pieces.

Inventory:

Hand Weapons
 a - a +0 war axe (weapon)
Armour
 c - a +0 buckler (worn)
 n - a +0 plate armour (worn)
Jewellery
 e - a ring of poison resistance (left hand)
 f - an amulet of guardian spirit (around neck)
Scrolls
 b - a scroll of teleportation {unknown}
 j - a scroll of vulnerability {unknown}
 k - a scroll of torment {unknown}
 l - a scroll of immolation {unknown}
 m - 3 scrolls of identify {unknown}
Potions
 d - 2 potions of might
 g - a potion of attraction {unknown}
 h - 4 potions of mutation {unknown}
 i - 2 potions of curing {unknown}
 o - a potion of resistance {unknown}
 p - a potion of brilliance {unknown}


   Skills:
 + Level 4.2 Fighting
 + Level 3.5 Axes
 + Level 4.3 Armour
 + Level 0.1 Dodging
 + Level 4.2 Shields


You had 3 spell levels left.
You didn't know any spells.
Your spell library contained the following spells:

 Spells                   Type           Power      Damage    Failure   Level
 Magic Dart               Conj           0%         1d3       100%        1
 Blink                    Tloc           0%         N/A       100%        2
 Call Imp                 Summ           0%         N/A       100%        2
 Summon Ice Beast         Ice/Summ       0%         N/A       100%        3
 Summon Mana Viper        Hex/Summ       0%         N/A       100%        5
 Monstrous Menagerie      Summ           0%         N/A       100%        7


Dungeon Overview and Level Annotations

Branches:
Dungeon (2/15)

Altars:

Annotations:
D:2 Crazy Yiuf


Innate Abilities, Weirdness & Mutations

You have a pair of horns on your head.
You reflexively headbutt those who attack you in melee.


Message History

You see here a rat corpse.
You see here a rat corpse.
b - a scroll labelled JYOCUA TALIE You now have 177 gold pieces (gained 7).
o - a bubbling emerald potion You now have 188 gold pieces (gained 11).
i - 2 sedimented clear potions (gained 1)
You now have 203 gold pieces (gained 15).
p - a metallic grey potion
d - 2 potions of might (gained 1)
m - 2 scrolls labelled QEURACWIEGU (gained 1)
You see here a ball python corpse.
You see here a bat corpse.
You see here an adder corpse.
A dart slug comes into view.
You see here a throwing net.
The dart slug bites you but does no damage.
You slash the dart slug!
You kill the dart slug!
You see here a dart slug corpse.
m - 3 scrolls labelled QEURACWIEGU (gained 1)
You see here a +0 spear.
Crazy Yiuf shouts!
You open the door. You barely miss Crazy Yiuf.
You headbutt Crazy Yiuf, but do no damage.
Crazy Yiuf hits you with a +4 quarterstaff of chaos.
You are electrocuted!
Crazy Yiuf hits you with a +4 quarterstaff of chaos!
Crazy Yiuf burns you.
You hit Crazy Yiuf but do no damage.
Crazy Yiuf hits you with a +4 quarterstaff of chaos!
* * * LOW HITPOINT WARNING * * *
Crazy Yiuf burns you.
* * * LOW HITPOINT WARNING * * *
You barely miss Crazy Yiuf. Crazy Yiuf hits you but does no damage.
You hit Crazy Yiuf but do no damage. You headbutt Crazy Yiuf!
Crazy Yiuf is heavily wounded.
Crazy Yiuf hits you with a +4 quarterstaff of chaos!
You die...

#.##..##.#
##....############
#.##..##.# #....#
#.##..##.# #.#.##
#<##..#### #####
#.##..# #.##..#
#.##..####♣♣ ###
#.##..#....♣♣ ♣♣#..)#
..##........♣♣♣♣@g...#
####.........♣..♣#...#
#####....♣.♣♣♣ ###
###♣♣♣♣♣ #############
............#
#############


You could see Crazy Yiuf.

Vanquished Creatures
  3 adders (D:2)
  4 dart slugs
  2 endoplasms (D:1)
  A giant cockroach (D:2)
  4 goblins
  4 hobgoblins
  2 kobolds (D:1)
  2 quokkas (D:2)
  4 ball pythons
  5 bats
  3 frilled lizards (D:1)
  3 rats
37 creatures vanquished.

Notes
Turn   | Place    | Note
-------+----------+-------------------------------------------
     0 | D:1      | Fodor the Minotaur Fighter began the quest for the Orb.
     0 | D:1      | Reached XP level 1. HP: 19/19 MP: 0/0
   283 | D:1      | Reached XP level 2. HP: 27/27 MP: 1/1
   898 | D:2      | Found a runed translucent door.
   899 | D:2      | Noticed Crazy Yiuf
   957 | D:2      | Reached XP level 3. HP: 33/33 MP: 2/2
  1429 | D:2      | Reached XP level 4. HP: 39/40 MP: 3/3
  1618 | D:2      | HP: 1/40 [Crazy Yiuf/+4 quarterstaff of chaos (4)]
  1620 | D:2      | Mangled by Crazy Yiuf

Illustrated notes

Levels and vault maps discovered:
D:1:      grunt_arrival_crossed_arrows, layout_basic
D:2:      layout_loops_ring, minmay_randomly_rotated_circles,
          uniq_crazy_yiuf_cottage

Skill      XL: |  1  2  3 |
---------------+----------+-----
Fighting       | 4 |  4.2
Armour         | 4 |  4.3
Shields        | 4 |  4.2
Axes           | 3 |  3.5
Dodging        | |  0.1

Action                     |  1- 3 |  4- 6 || total
---------------------------+-------+-------++-------
  Melee: War axe           |    80 |     6 ||    86
         Headbutt          |     6 |     2 ||     8
 Armour: Scale mail        |    37 |       ||    37
         Plate armour      |    27 |     7 ||    34
  Dodge: Dodged            |    43 |       ||    43
  Block: Buckler           |    25 |       ||    25
